AoeStats
← DeThLeFf

Black Forest

503610702Analyzed
2v2 RM · 1mo ago on Sep 1, 2026· 43m 57s· 4 players
Game mode
Random Map
Map size
Medium (4 player)
Population
200
Speed
Normal
Resources
Standard
Victory
Conquest
Starting age
Dark Age
Ending age
Imperial Age
RankedLock teamsTeams togetherTeam positionsShared explorationLock speedFull tech treeHidden civsTurbo modeCheats
Victory
Defeat
🇺🇸 Burgundians · United States
1325
+13
🇨🇴 Goths · Colombia
1287
+15
🇩🇪 Britons · Germany
1267
-14
🇩🇪 Burgundians · Germany
1267
-14
DeThLeFf
0:54 Loom
12:24 Feudal Age
13:07 Double-Bit Axe
14:27 Horse Collar
22:38 Castle Age
23:01 Fletching
23:48 Gold Mining
24:10 Bow Saw
24:13 Bodkin Arrow
23:51 Crossbowman
25:21 Wheelbarrow
25:29 Padded Archer Armor
28:27 Town Watch
30:30 Leather Archer Armor
31:04 Heavy Plow
32:42 Hand Cart
35:47 Masonry
35:44 Man-at-Arms
36:24 Squires
38:57 Ballistics
42:51 Imperial Age
40:27 Treadmill Crane
42:18 Long Swordsman
43:16 Two-Handed Swordsman
43:58 Scale Mail Armor
Maho
13:55 Feudal Age
13:01 Double-Bit Axe
12:59 Horse Collar
14:34 Man-at-Arms
16:06 Gold Mining
16:30 Bow Saw
18:04 Heavy Plow
22:47 Castle Age
22:44 Scale Barding Armor
25:38 Two-Man Saw
25:12 Crop Rotation
25:20 Wheelbarrow
24:28 Cavalier
26:17 Pikeman
27:49 Chain Barding Armor
33:45 Imperial Age
32:08 Elite Skirmisher
34:45 Paladin
37:17 Husbandry
38:23 Forging
38:56 Plate Barding Armor
40:27 Hand Cart
41:44 Chemistry
41:04 Ballistics
43:31 Iron Casting
42:57 Padded Archer Armor
42:48 Fletching
44:04 Conscription
Patroclo
1:27 Loom
10:30 Feudal Age
11:01 Double-Bit Axe
10:42 Man-at-Arms
12:55 Horse Collar
16:46 Town Watch
17:36 Wheelbarrow
20:58 Castle Age
20:01 Scale Mail Armor
20:11 Forging
19:57 Fletching
21:03 Forging
20:45 Gold Mining
21:18 Long Swordsman
21:59 Squires
22:08 Heavy Plow
22:28 Bodkin Arrow
22:52 Chain Mail Armor
23:54 Bow Saw
25:27 Iron Casting
25:13 Stone Mining
25:54 Heavy Plow
28:52 Imperial Age
30:54 Blast Furnace
29:27 Capped Ram
31:12 Two-Man Saw
30:46 Conscription
31:07 Anarchy
33:39 Hand Cart
35:10 Pikeman
36:04 Halberdier
41:30 Crop Rotation
42:30 Perfusion
43:01 Guilds
43:43 Stone Shaft Mining
JESUS_is_SAVIOR3
5:08 Double-Bit Axe
15:02 Feudal Age
13:44 Fishing Lines
14:56 Horse Collar
16:33 Wheelbarrow
15:44 Town Watch
17:51 Gillnets
18:24 Heavy Plow
21:28 Bow Saw
21:28 Caravan
22:42 Gold Mining
23:30 Stone Mining
26:06 Gold Shaft Mining
26:08 Stone Shaft Mining
26:55 Loom
27:38 Hand Cart
28:42 Loom
31:37 Castle Age
31:21 Forging
31:02 Fletching
31:18 Scale Barding Armor
33:41 Iron Casting
33:03 Bodkin Arrow
33:43 Crop Rotation
34:16 Two-Man Saw
34:06 Chain Barding Armor
36:20 Imperial Age
36:06 Guilds
36:41 Devotion
37:18 Husbandry
38:33 Blast Furnace
38:09 Plate Barding Armor
37:48 Burgundian Vineyards
38:59 Chemistry
39:23 Masonry
38:53 Treadmill Crane
39:17 Town Patrol
39:18 Bracer
39:53 Conscription
39:15 Elite Coustillier
40:57 Coinage
43:25 Banking
43:13 Murder Holes
Connection lost

Rejoining the realm…

Still unreachable

The connection could not be restored.

Session expired

The server has moved on; the page needs a fresh start.